Map: Orbital Shipyard

Players

Daimai - Winner!

  • Race: Protoss Protoss
  • League: Master

Brazko

  • Race: Zerg Zerg
  • League: Master

VOD

Have the link to the VOD?

Description

Time

  • Played on: Feb. 13, 2016, 5:03 p.m.
  • Length: 17:59
Show
View Real Time Build Order
Export as new Build Order

Daimai Protoss - Winner!

Build Orders: 1 Gate Expand, Oracle Opening 

Get SALT Encoding   

  12  0:02  Probe (Chrono Boost)  
  13  0:12  Probe (Chrono Boost)  
  14  0:16  Pylon  
  14  0:23  Probe (Chrono Boost)  
  15  0:35  Probe (Chrono Boost)  
  16  0:39  Gateway  
  16  0:44  Assimilator  
  16  0:45  Probe (Chrono Boost)  
  17  0:56  Probe (Chrono Boost)  
  18  1:06  Probe (Chrono Boost)  
  19  1:17  Probe (Chrono Boost)  
  20  1:23  Nexus  
  20  1:28  Probe (Chrono Boost)  
  21  1:34  Pylon  
  21  1:38  Probe (Chrono Boost)  
  22  1:44  Cybernetics Core  
  22  1:49  Probe (Chrono Boost)  
  22  1:53  Assimilator  
  23  1:59  Probe (Chrono Boost)  
  24  2:09  Gateway  
  24  2:10  Probe (Chrono Boost)  
  25  2:21  Mothership Core (Chrono Boost), Warp Gate (Chrono Boost)  
  27  2:25  Adept  
  29  2:32  Pylon  
  29  2:36  Probe (Chrono Boost)  
  29  2:39  Probe (Chrono Boost)  
  30  2:46  Probe (Chrono Boost)  
  30  2:49  Probe (Chrono Boost)  
  32  2:55  Stargate  
  32  3:00  Probe x2 (Chrono Boost)  
  34  3:10  Probe (Chrono Boost)  
  34  3:11  Probe (Chrono Boost)  
  36  3:20  Gateway  
  36  3:21  Probe x2 (Chrono Boost)  
  38  3:31  Probe (Chrono Boost)  
  38  3:32  Probe (Chrono Boost)  
  40  3:35  Assimilator  
  40  3:38  Oracle (Chrono Boost)  
  40  3:39  Assimilator  
  40  3:40  Probe  
  43  3:42  Probe  
  43  3:44  Pylon  
  45  3:51  Probe  
  45  3:54  Probe  
  47  4:03  Nexus  
  47  4:05  Probe  
  47  4:06  Pylon  
  47  4:07  Probe  
  49  4:13  Pylon  
  49  4:18  Probe  
  49  4:19  Probe  
  51  4:28  Phoenix  
  51  4:31  Probe x2  
  53  4:35  Robotics Facility  
  53  4:38  Gateway  
  55  4:39  Gateway  
  55  4:43  Probe (Chrono Boost)  
  55  4:44  Sentry x2  
  55  4:45  Adept  
  62  4:48  Probe (Chrono Boost)  
  63  4:53  Probe (Chrono Boost)  
  63  4:55  Phoenix (Chrono Boost)  
  66  5:00  Probe  
  66  5:04  Probe  
  68  5:12  Probe  
  69  5:14  Probe  
  69  5:16  Probe  
  69  5:19  Phoenix (Chrono Boost)  
  73  5:24  Probe  
  73  5:25  Observer, Probe  
  73  5:27  Probe  
  77  5:28  Gateway  
  77  5:30  Gateway  
  77  5:32  Gateway  
  77  5:36  Probe  
  77  5:37  Probe  
  79  5:43  Pylon  
  79  5:44  Pylon  
  79  5:48  Phoenix (Chrono Boost)  
  75  5:53  Probe  
  75  5:55  Probe  
  75  5:56  Probe  
  77  6:03  Probe  
  77  6:04  Adept x3  
  77  6:09  Phoenix (Chrono Boost)  
  82  6:14  Probe  
  82  6:15  Probe  
  82  6:17  Probe  
  83  6:26  Probe x2  
  83  6:29  Probe  
  83  6:30  Phoenix (Chrono Boost), Immortal (Chrono Boost)  
  92  6:35  Pylon  
  92  6:37  Pylon  
  92  6:38  Probe  
  93  6:49  Protoss Air Weapons Level 1, Phoenix  
  95  6:55  Forge  
  95  6:58  Twilight Council  
  95  6:59  Pylon  
  95  7:01  Pylon, Adept x2  
  99  7:02  Pylon  
  99  7:07  Probe  
  100  7:10  Probe x2  
  100  7:12  Immortal (Chrono Boost)  
  106  7:16  Assimilator  
  106  7:20  Assimilator  
  106  7:22  Probe  
  107  7:28  Protoss Ground Weapons Level 1  
  107  7:35  Phoenix, Probe  
  108  7:37  Probe  
  111  7:46  Probe  
  111  7:47  Zealot  
  111  7:48  Zealot x7  
  128  7:54  Pylon  
  128  7:56  Observer (Chrono Boost)  
  128  7:57  Phoenix, Pylon  
  131  8:15  Zealot x6  
  131  8:16  Zealot  
  131  8:17  Charge (Chrono Boost)  
  145  8:22  Phoenix  
  137  8:46  Zealot x4  
  137  8:47  Zealot x4  
  137  8:48  Immortal  
  127  9:08  Stalker x5  
  127  9:09  Stalker x3  
  135  9:22  Protoss Ground Armor Level 1  
  135  9:27  Phoenix  
  135  9:29  Immortal  
  141  9:42  Nexus, Templar Archives  
  141  9:45  Pylon  
  141  9:47  Pylon  
  141  9:49  Pylon  
  141  9:52  Sentry x3  
  145  9:53  Zealot  
  149  10:08  Immortal  
  149  10:12  Zealot x4  
  149  10:30  Stalker x4  
  157  10:39  High Templar x4  
  165  10:46  Pylon  
  165  10:48  Pylon  
  165  10:49  Pylon  
  165  10:50  Photon Cannon  
  165  10:51  Pylon  
  165  10:52  Photon Cannon  
  165  10:54  Photon Cannon, Immortal  
  167  11:06  High Templar  
  167  11:07  High Templar x2  
  167  11:08  Archon x2  
  173  11:11  Zealot x3  
  173  11:13  Probe  
  173  11:14  Probe x2  
  182  11:21  Assimilator, High Templar  
  182  11:22  Zealot  
  182  11:23  Archon  
  186  11:25  Assimilator  
  186  11:26  Archon, Probe  
  187  11:36  High Templar  
  187  11:37  Zealot, High Templar  
  193  11:41  Archon  
  193  11:51  Zealot x3  
  199  11:54  Protoss Ground Weapons Level 2  
  199  12:05  Observer  
  200  12:12  Pylon  
  200  12:15  Pylon  
  200  12:19  Pylon  
  200  12:20  Robotics Facility  
  200  12:22  Pylon  
  200  12:23  Robotics Facility  
  200  12:24  Pylon  
  200  12:26  Pylon  
  192  12:37  Zealot x4  
  192  13:11  Zealot  
  192  13:12  Zealot x7  
  156  13:24  Phoenix  
  144  13:38  High Templar x2  
  144  13:39  High Templar x6  
  160  13:42  Immortal x3  
  160  13:44  Archon x3  
  160  13:45  Archon  
  172  13:49  Phoenix, Gateway  
  172  13:51  Gateway  
  172  13:52  Gateway  
  172  13:54  Gateway  
  174  13:58  Protoss Ground Weapons Level 3  
  174  14:01  Gateway  
  174  14:03  Gateway  
  174  14:05  Gateway  
  174  14:08  Pylon  
  174  14:12  Nexus  
  174  14:14  Phoenix  
  174  14:15  Pylon  
  176  14:18  Pylon  
  176  14:21  Observer, Warp Prism  
  176  14:22  Pylon, Observer  
  168  14:43  High Templar x6  
  168  14:44  Zealot x2  
  184  14:48  Archon x3  
  184  14:59  Photon Cannon  
  184  15:01  Photon Cannon  
  184  15:03  Gateway x2  
  184  15:07  Blink (Chrono Boost)  
  184  15:20  Photon Cannon  
  180  15:24  Photon Cannon  
  180  15:27  Gateway  
  160  15:30  Zealot x3  
  160  15:31  Zealot x5  
  160  15:32  Zealot x4  
  167  15:49  Immortal x2  
  175  15:53  High Templar x4  
  175  15:54  Zealot, High Templar x2  
  189  15:59  Archon x3  
  189  16:07  Probe  
  189  16:09  Probe  
  189  16:27  Zealot  
  189  16:28  Zealot x3  
  197  16:35  Zealot x3  
  197  16:36  Zealot  
  197  16:37  Zealot  
  191  16:47  Zealot x2  
  191  16:48  Zealot x2  
  197  17:01  Pylon  
  197  17:03  Pylon  
  197  17:05  Pylon  
  197  17:06  Pylon  
  197  17:10  Pylon  
  197  17:30  Assimilator  
  195  17:38  Assimilator  
  195  17:40  Zealot x2  
  195  17:41  Nexus  
  195  17:51  Pylon  
  195  17:53  Pylon  
  195  17:56  Pylon  
Show
View Real Time Build Order
Export as new Build Order

Brazko Zerg 

Build Orders: Hatch First, Lurkers 

Get SALT Encoding   

  12  0:01  Drone  
  13  0:13  Overlord  
  13  0:18  Drone  
  14  0:31  Drone x2  
  14  0:35  Drone  
  17  0:54  Hatchery  
  17  0:56  Drone  
  17  0:59  Drone  
  17  1:01  Extractor  
  17  1:07  Drone  
  18  1:18  Spawning Pool  
  18  1:20  Drone  
  18  1:28  Drone  
  19  1:39  Drone  
  20  1:50  Overlord  
  20  2:05  Queen  
  20  2:06  Zergling x2  
  20  2:07  Zergling x2  
  20  2:08  Queen, Metabolic Boost  
  26  2:11  Drone  
  27  2:17  Drone  
  27  2:22  Drone  
  29  2:28  Drone  
  30  2:39  Hatchery  
  29  2:46  Burrow  
  29  2:47  Drone  
  29  2:50  Drone  
  31  2:52  Drone  
  31  2:55  Drone  
  33  3:00  Evolution Chamber  
  32  3:07  Overlord  
  32  3:11  Zergling x2  
  32  3:12  Zergling x2  
  34  3:13  Zergling x2  
  34  3:16  Zergling x2  
  36  3:21  Overlord  
  36  3:26  Zergling x4  
  36  3:27  Zergling x2  
  38  3:32  Zergling x2  
  38  3:33  Drone  
  40  3:35  Drone  
  40  3:37  Drone  
  40  3:40  Spore Crawler  
  41  3:44  Spore Crawler  
  40  3:51  Drone  
  40  3:52  Spore Crawler  
  40  3:54  Drone  
  42  3:55  Drone  
  42  3:58  Drone  
  42  4:02  Drone x2  
  45  4:05  Drone  
  46  4:10  Drone x2  
  46  4:11  Drone  
  46  4:16  Overlord  
  49  4:23  Drone x4  
  49  4:30  Drone  
  46  4:35  Zergling x8  
  46  4:36  Drone  
  46  4:37  Drone  
  52  4:40  Drone  
  52  4:44  Zerg Melee Weapons Level 1  
  52  4:45  Drone  
  54  4:48  Drone  
  54  4:49  Overlord, Baneling Nest  
  54  4:51  Drone  
  55  4:54  Drone x2  
  55  4:58  Queen  
  59  5:01  Drone x2  
  59  5:04  Drone  
  61  5:20  Zergling x4  
  61  5:21  Zergling x6  
  66  5:25  Lair  
  66  5:28  Drone x4, Extractor  
  69  5:29  Drone  
  69  5:30  Roach Warren  
  69  5:34  Queen, Extractor  
  69  5:35  Extractor  
  69  5:37  Drone  
  69  5:38  Drone x3  
  73  5:47  Overlord x2  
  73  5:53  Drone  
  73  6:06  Overlord x2  
  73  6:10  Drone x2  
  73  6:11  Drone x2  
  75  6:23  Extractor  
  75  6:24  Baneling x2, Extractor  
  75  6:25  Baneling x5  
  72  6:27  Drone  
  72  6:29  Glial Reconstitution  
  72  6:31  Drone x3  
  76  6:36  Drone x3  
  80  6:40  Drone x3  
  82  6:52  Spore Crawler, Zerg Missile Weapons Level 1  
  82  6:54  Evolution Chamber, Drone x3  
  83  7:02  Roach x6  
  83  7:03  Roach  
  83  7:06  Overlord  
  83  7:07  Overlord x4  
  97  7:09  Overlord x2  
  97  7:20  Zerg Ground Armor Level 1  
  97  7:25  Roach x3  
  97  7:26  Roach  
  97  7:27  Roach x2  
  97  7:28  Roach x3  
  115  7:30  Roach  
  115  7:32  Roach  
  115  7:34  Roach  
  118  7:37  Roach x3  
  124  7:44  Roach x2  
  124  7:46  Ravager x2  
  124  7:47  Ravager x3  
  133  7:54  Overlord  
  133  7:55  Overlord x5  
  133  8:04  Roach  
  133  8:05  Roach  
  137  8:09  Roach  
  137  8:10  Roach  
  137  8:11  Roach  
  141  8:13  Roach x2  
  141  8:14  Roach x3  
  141  8:17  Zergling x4  
  141  8:19  Zergling x6  
  153  8:24  Zergling x2  
  151  8:28  Hatchery  
  151  8:30  Hydralisk Den  
  151  8:31  Roach  
  151  8:32  Roach  
  147  8:35  Roach  
  145  8:44  Roach x7  
  145  8:45  Zergling x2  
  145  8:47  Roach x3  
  151  8:55  Roach x2  
  140  8:58  Roach  
  133  9:08  Roach x2  
  133  9:09  Roach x5  
  139  9:17  Roach x5  
  139  9:19  Roach  
  139  9:20  Roach  
  139  9:22  Roach  
  145  9:25  Queen  
  145  9:30  Roach  
  149  9:31  Roach  
  149  9:33  Lurker Den  
  152  9:38  Ravager  
  152  9:39  Ravager x5  
  152  9:42  Zergling x18  
  166  9:56  Extractor  
  166  9:57  Spore Crawler  
  166  9:58  Spore Crawler, Extractor  
  162  10:06  Hydralisk x6  
  162  10:07  Hydralisk x4  
  155  10:11  Hydralisk  
  147  10:43  Drone x3  
  147  10:44  Drone x4  
  147  10:45  Drone x4  
  147  10:46  Hydralisk x3  
  147  10:47  Hydralisk x5  
  174  10:51  Spire  
  173  11:02  Hydralisk x2  
  173  11:03  Hydralisk x3  
  177  11:04  Hydralisk x2  
  181  11:13  Lurker  
  182  11:22  Hydralisk x5  
  192  11:29  Hydralisk  
  192  11:30  Hydralisk  
  192  11:31  Hydralisk  
  198  11:33  Hatchery  
  198  11:34  Lurker  
  198  11:35  Zergling x2  
  198  11:41  Zergling x2  
  194  12:10  Corruptor x3  
  200  12:16  Infestation Pit  
  200  12:18  Overseer x2  
  193  12:31  Lurker  
  193  12:32  Lurker x5  
  195  13:03  Extractor  
  189  13:08  Roach x3, Extractor  
  189  13:09  Roach x6  
  189  13:10  Roach  
  189  13:12  Hydralisk, Roach x4  
  181  13:13  Hydralisk x9  
  181  13:14  Zergling x2  
  181  13:15  Zergling x22  
  181  13:19  Roach x3  
  190  13:20  Roach x2  
  190  13:22  Roach  
  190  13:23  Roach  
  190  13:24  Roach  
  161  13:35  Ravager  
  161  13:36  Ravager x4  
  161  13:38  Queen  
  161  13:39  Drone x3  
  161  13:40  Drone x3  
  165  13:42  Drone x3  
  165  13:44  Roach  
  165  13:45  Roach  
  172  13:54  Roach  
  172  13:55  Roach x2  
  178  13:56  Roach  
  178  14:00  Roach  
  176  14:04  Roach x2  
  176  14:05  Roach x2  
  176  14:08  Roach  
  184  14:14  Roach x2  
  188  14:17  Overlord x2  
  188  14:19  Spore Crawler  
  188  14:21  Spine Crawler  
  188  14:22  Spine Crawler  
  176  14:41  Lurker x3  
  176  14:42  Lurker x3  
  176  14:43  Hydralisk x3  
  188  14:46  Roach x3  
  188  14:48  Roach x3  
  200  14:53  Hive  
  198  15:25  Roach x2  
  198  15:26  Roach x4  
  176  15:29  Roach  
  176  15:30  Roach x10  
  176  15:31  Roach  
  176  15:33  Roach  
  176  15:35  Roach  
  171  15:36  Roach  
  171  15:41  Hydralisk  
  171  15:42  Hydralisk  
  140  16:00  Lurker  
  140  16:01  Lurker x2  
  143  16:07  Drone x2  
  143  16:08  Lurker  
  140  16:23  Hydralisk x3  
  140  16:25  Hydralisk x3  
  135  16:56  Hatchery  
  135  17:00  Drone x30  
  116  17:02  Lurker x5  
  116  17:03  Lurker  
  110  17:14  Hydralisk x2  
  110  17:15  Hydralisk  
  116  17:18  Lurker  
  116  17:19  Roach x2  
  121  17:29  Roach x4  
  117  17:30  Drone, Roach x3  
Tags
 
Add a new tag
Caveats
  • Supply blocks, unpowered buildings, or Contaminate may cause inaccurate times.
  • Supply counts are checked every 10 seconds.